 Dungeon Crawl Stone Soup version 0.16-a0-253-g996e5b4 (webtiles) character file.

97 PolkaDot the Ruffian (level 4, -3/35 HPs)
             Began as a Draconian Transmuter on Aug 23, 2014.
             Slain by a centaur (9 damage)
             ... on Level 3 of the Dungeon.
             The game lasted 00:04:35 (1723 turns).

PolkaDot the Ruffian (Draconian Transmuter)         Turns: 1723, Time: 00:04:35

HP  -3/35        AC  5     Str 15      XL: 4   Next: 42%
MP   7/7         EV 12     Int 13      God:
Gold 127         SH  0     Dex 12      Spells:  2 memorised,  2 levels left

rFire  . . .     SeeInvis .       - Unarmed
rCold  + . .     Clarity  .     (armour unavailable)
rNeg   . . .     rCorr    .     (no shield)
rPois  .         rRot     .     (helmet restricted)
rElec  .         Spirit   .     (no cloak)
SustAb .         Warding  .     (no gloves)
rMut   .         Stasis   .     (no boots)
Gourm  .                        (no amulet)
MR     .....                    (no ring)
                                j - ring of flight

@: appendage (expiring), not resistant to hostile enchantments, very unstealthy
A: unfitting armour, horns 2, cold resistance 1, screaming 1, strong 1,
cold-blooded, AC +5
a: End Transformation, Evoke Flight


You were on level 3 of the Dungeon.
You were not hungry.
You had grown temporary horns.
You visited 1 branch of the dungeon, and saw 3 of its levels.

You collected 127 gold pieces.

Inventory:

Missiles
 b - 12 arrows
Comestibles
 a - a bread ration
 k - a chunk of adder flesh {@w1}
 p - a rotting chunk of hobgoblin flesh {@w1}
 q - 2 rotting chunks of hobgoblin flesh {@w1}
Scrolls
 c - 2 scrolls of teleportation {unknown}
 e - 2 scrolls of fog {unknown}
 f - a scroll of enchant weapon {unknown}
 g - a scroll of recharging {unknown}
 i - a scroll of remove curse {unknown}
 l - 2 scrolls of identify {unknown}
 n - a scroll of random uselessness {unknown}
Jewellery
 j - a ring of flight (left hand)
Potions
 h - a potion of mutation {!q}
Books
 d - a book of Changes

   Spells                             Type                      Level
   *Beastly Appendage                 Transmutation                1
   Sticks to Snakes                   Transmutation                2
   Spider Form                        Transmutation/Poison         3
   *Ice Form                          Ice/Transmutation            4
   Blade Hands                        Transmutation                5


   Skills:
 - Level 1.1 Fighting
 - Level 1.7 Dodging
 - Level 5.0 Unarmed Combat
 - Level 2.0 Spellcasting
 + Level 2.1 Transmutations
 + Level 1.1 Ice Magic


You had 2 spell levels left.
You knew the following spells:

 Your Spells              Type           Power        Failure   Level  Hunger
a - Beastly Appendage     Trmt           #.....       12%         1    ##.....
i - Ice Form              Ice/Trmt       #.......     96%         4    #####..


Dungeon Overview and Level Annotations

Branches:
Dungeon (3/15)

Altars:
Vehumet


Innate Abilities, Weirdness & Mutations

Your plain brown scales are hard (AC +5).
Your body does not fit into most forms of armour.
Your cold-blooded metabolism reacts poorly to cold.
You have a pair of horns on your head.
Your flesh is cold resistant.
You occasionally shout uncontrollably at your foes.
Your muscles are strong. (Str +2)


Message History

* * * LOW HITPOINT WARNING * * *
Drink which item? (? for menu, Esc to quit)
You feel better.
Your transformation is almost over.
The centaur completely misses you.
Drink which item? (? for menu, Esc to quit)
You feel extremely strange.
You feel the urge to shout.
You feel resistant to cold.
You feel stronger.
It was a potion of mutation.
The centaur hits you but does no damage.
The centaur hits you.
* * * LOW HITPOINT WARNING * * *
Drink which item? (? for menu, Esc to quit)
You feel better. The centaur hits you!
* * * LOW HITPOINT WARNING * * *
You closely miss the centaur.
The centaur is moderately wounded.
The centaur hits you but does no damage.
The centaur hits you!
You die...

# .. .... ... ###
#. ...#..
#...#.#.########
.......c......%<#
......#@.......#
..? #........# .
#........#
##.......#
#.......#
#.......#
#########


You could see a centaur.

Vanquished Creatures
  5 adders
  A worm (D:2)
  2 giant geckos
  2 oozes (D:1)
  4 bats
  3 giant cockroaches (D:1)
  7 hobgoblins
  4 jackals
  5 kobolds
  2 quokkas (D:2)
  4 giant newts
  2 goblins
  4 rats
45 creatures vanquished.

Notes
Turn   | Place    | Note
--------------------------------------------------------------
     0 | D:1      | PolkaDot, the Draconian Transmuter, began the quest for the Orb.
     0 | D:1      | Reached XP level 1. HP: 16/16 MP: 3/3
   224 | D:1      | Reached XP level 2. HP: 23/23 MP: 4/4
   472 | D:1      | Reached skill level 4 in Unarmed Combat
   799 | D:1      | Reached XP level 3. HP: 28/28 MP: 6/6
  1337 | D:2      | Reached skill level 5 in Unarmed Combat
  1337 | D:2      | Reached XP level 4. HP: 30/35 MP: 5/7
  1356 | D:2      | Learned a level 4 spell: Ice Form
  1400 | D:2      | Found a radiant altar of Vehumet.
  1698 | D:3      | Reached skill level 1 in Ice Magic
  1711 | D:3      | Noticed a centaur
  1721 | D:3      | Gained mutation: You occasionally shout uncontrollably at your foes. [potion of mutation]
  1721 | D:3      | Gained mutation: Your flesh is cold resistant. [potion of mutation]
  1721 | D:3      | Gained mutation: Your muscles are strong. (Str +2) [potion of mutation]
  1723 | D:3      | Slain by a centaur

Action                   |  1- 3 |  4- 6 || total
-------------------------+-------+-------++-------
Melee: Unarmed           |   140 |    40 ||   180
 Cast: Beastly Appendage |     6 |     5 ||    11
  Use: Potion            |       |     4 ||     4
 Stab: Sleeping          |     1 |       ||     1
  Eat: Chunk             |     2 |     1 ||     3
